 Dungeon Crawl Stone Soup version 0.31-a0-841-g038b102fc3 (webtiles) character file.

Game seed: 8266384632536657218

3217 pokeman the Thaumaturge (level 9, -3/52 HPs)
             Began as a Deep Elf Hedge Wizard on Sept 27, 2023.
             Was a Follower of Vehumet.
             Succumbed to Erica's bolt of poison
             ... on level 8 of the Dungeon.
             The game lasted 00:19:21 (8129 turns).

pokeman the Thaumaturge (Deep Elf Hedge Wizard)     Turns: 8129, Time: 00:19:21

Health: -3/52      AC:  6    Str: 13    XL:     9   Next: 65%
Magic:  19/26      EV: 13    Int: 24    God:    Vehumet [*.....]
Gold:   368        SH:  5    Dex: 14    Spells: 16/31 levels left

rFire   . . .        x - +3 flail "Sof Howui" {venom, *Corrode *Slow rElec Will+++}
rCold   . . .        (no shield)
rNeg    . . .        b - +0 robe
rPois   .            s - +0 helmet
rElec   +            w - +0 cloak
rCorr   +            D - +0 pair of gloves
SInv    .            y - +0 pair of boots
Will    +++..        z - amulet of reflection
Stlth   ++           l - +6 ring of strength
HPRegen 0.28/turn    t - ring of resist corrosion
MPRegen 0.20/turn

%: corrode self (3%), slow self (1%), reflection
@: lethally poisoned (-3 -> -21)
A: no striking features
a: Renounce Religion


You were on level 8 of the Dungeon.
You worshipped Vehumet.
Vehumet was aware of your devotion.
You visited 1 branch of the dungeon, and saw 8 of its levels.

You collected 368 gold pieces.

Inventory:

Hand Weapons
 x - the +3 flail "Sof Howui" (weapon) {venom, *Corrode *Slow rElec Will+++}
   (You found it on level 5 of the Dungeon)

   rElec:     It insulates you from electricity.
   Will+++:   It greatly increases your willpower.
   *Corrode:  It may corrode you when you take damage.
   *Slow:     It may slow you when you take damage.
Armour
 a - a +1 ring mail of cold resistance
 b - a +0 robe (worn)
 s - a +0 helmet (worn)
 w - a +0 cloak (worn)
 y - a +0 pair of boots (worn)
 D - a +0 pair of gloves (worn)
Jewellery
 g - an amulet of regeneration
 l - a +6 ring of strength (left hand)
 t - a ring of resist corrosion (right hand)
 z - an amulet of reflection (around neck)
Wands
 A - a wand of flame (13)
 C - a wand of iceblast (10)
Scrolls
 e - 10 scrolls of identify {unknown}
 h - 3 scrolls of enchant weapon {unknown}
 i - a scroll of immolation {unknown}
 j - 2 scrolls of enchant armour {unknown}
 o - 2 scrolls of butterflies {unknown}
 q - 3 scrolls of fear {unknown}
 r - 3 scrolls of teleportation {unknown}
 u - a scroll of blinking {unknown}
 F - a scroll of revelation {unknown}
Potions
 c - 2 potions of heal wounds {unknown}
 d - a potion of magic
 f - 4 potions of mutation {unknown}
 k - 4 potions of brilliance {unknown}
 m - 3 potions of curing {unknown}
 n - 2 potions of lignification {unknown}
 p - a potion of degeneration {unknown}
 v - 3 potions of attraction {unknown}
 B - a potion of enlightenment {unknown}
 E - a potion of invisibility {unknown}


   Skills:
 + Level 3.6 Fighting
 - Level 3.0 Armour
 - Level 3.0 Dodging
 - Level 3.0 Stealth
 * Level 11.9 Spellcasting
 + Level 6.6 Conjurations
 - Level 1.1 Summonings
 - Level 1.1 Translocations
 - Level 1.1 Transmutations
 - Level 1.0 Air Magic
 + Level 5.5 Earth Magic
 - Level 1.1 Poison Magic
 - Level 1.0 Evocations


You had 16 spell levels left.
You knew the following spells:

 Your Spells              Type           Power      Damage    Failure   Level
a - Magic Dart            Conj           100%       1d8       1%          1
b - Mephitic Cloud        Conj/Pois/Air  28%        N/A       4%          3
c - Call Imp              Summ           38%        N/A       4%          2
d - Blink                 Tloc           38%        N/A       4%          2
e - Irradiate             Conj/Tmut      16%        3d17      24%         5
f - Passwall              Tmut/Erth      25%        N/A       1%          2

Your spell library contained the following spells:

 Spells                   Type           Power      Damage    Failure   Level
 Shock                    Conj/Air       100%       1d9       1%          1
 Sting                    Tmut/Pois      76%        1d6       2%          1
 Summon Small Mammal      Summ           76%        N/A       2%          1
 Hailstorm                Conj/Ice       30%        3d8       3%          3
 Freeze                   Ice            56%        1d7       4%          1
 Slow                     Hex            56%        N/A       4%          1
 Cigotuvi's Dreadful Rot  Necr/Pois/Air  34%        N/A       4%          2
 Poisonous Vapours        Pois/Air       38%        N/A       4%          2
 Wereblood                Tmut           20%        N/A       4%          2
 Ensorcelled Hibernation  Hex/Ice        28%        N/A       7%          2
 Call Canine Familiar     Summ           19%        N/A       9%          3
 Swiftness                Air            19%        N/A       9%          3
 Summon Guardian Golem    Hex/Summ       17%        N/A       11%         3
 Confusing Touch          Hex            14%        N/A       13%         3
 Frozen Ramparts          Ice            28%        1d5       13%         3
 Sigil of Binding         Hex            14%        N/A       13%         3
 Vampiric Draining        Necr           14%        2d7       13%         3
 Olgreb's Toxic Radiance  Pois           19%        N/A       26%         4


Dungeon Overview and Level Annotations

Branches:
Dungeon (8/15)             Temple (0/1) D:6
   Lair: D:8-11

Altars:
Qazlal
Sif Muna
Vehumet
Yredelemnul

Shops:
D:1 :   D:6 *

Annotations:
D:8 3 runed translucent doors, Erica; pokeman's ghost, novice DEHW


Message History

Unknown command.
Casting: Mephitic Cloud (dangerous; 4% risk of failure)
Confirm with . or Enter, or press ? or * to list all spells.
Aiming: Mephitic Cloud (dangerous; 4% risk of failure)
Press: ? - help, Shift-Dir - straight line, f/p - Erica
Aim: Erica, wielding a +0 scimitar of flaming and wearing a +0 robe (heavily wounded, extremely poisoned, chance to affect: 58%)
The ball explodes into a vile cloud!
The stinking cloud engulfs Erica but does no damage.
Erica is heavily wounded.
The stinking cloud engulfs you but does no damage.
You are engulfed in noxious fumes.
You choke on the stench!
You are confused.
Erica is engulfed in noxious fumes.
Erica hits you with a +0 scimitar of flaming.
Erica burns you.
Unknown command.
Unknown command.
Your attacks no longer feel as feeble.
Erica is engulfed in noxious fumes.
You hit Erica.
Erica looks as sick as possible!
Erica is heavily wounded.
You feel less confused.
Erica is engulfed in noxious fumes.
You block Erica's attack.
Erica is engulfed in noxious fumes.
Erica barely misses you.
Unknown command.
You thump Erica!
Erica is severely wounded.
Erica is engulfed in noxious fumes.
Erica hits you with a +0 scimitar of flaming!
Erica burns you.
The gnoll bouda hits you with a +0 whip.
Unknown command.
Erica gestures at you while chanting. The bolt of poison hits you!!
You are poisoned.
Ouch! That really hurt!
* * * LOW HITPOINT WARNING * * *
The gnoll bouda attacks as it pursues you!
The gnoll bouda closely misses you.
You die...

#.# #.# #)# #######.##
############## .........#
#............#
#######).###.##########.#
#......@....# #.#
#.####..###.# #.#
#.g.@..# #^#
...####.##..## #.#
.....).<)....# #.#
........##...# #.#
#.#.######...# #.# ..
...# ##.## ## .#.# #...##
.#.# #..... .. #...##


You could see a gnoll bouda.

Vanquished Creatures
  Pikel (D:7)
  Sigmund (D:6)
  A sky beast (D:7)
  An ogre (D:7)
  A black bear (D:5)
  An orc warrior (D:7)
  3 ice beasts (D:7)
  3 centaurs
  4 phantoms
  2 lemures (D:7)
  A bullfrog (D:6)
  2 scorpions (D:6)
  3 wights (D:6)
  An electric eel (D:7)
  4 hounds
  A gnoll bouda (D:5)
  2 orc priests
  3 sleepcaps (D:6)
  4 orc wizards
  3 iguanas
  7 gnolls
  9 adders
  A shadow imp (D:6)
  A white imp (D:7)
  2 ufetubi
  A worm (D:2)
  27 orcs
  4 ball pythons
  9 endoplasms
  3 giant cockroaches
  4 goblins
  10 hobgoblins
  5 kobolds
  3 quokkas
  7 bats
  A frilled lizard (D:1)
  4 rats
140 creatures vanquished.

Vanquished Creatures (collateral kills)
  A steam dragon (D:7)
  An ice beast (D:6)
  A black bear (D:6)
  An orc priest (D:6)
4 creatures vanquished.

Grand Total: 144 creatures vanquished

Notes
Turn   | Place    | Note
-------+----------+-------------------------------------------
     0 | D:1      | pokeman the Deep Elf Hedge Wizard began the quest for the
                  | Orb.
     0 | D:1      | Reached XP level 1. HP: 10/10 MP: 7/7
   399 | D:1      | Reached XP level 2. HP: 16/16 MP: 7/9
   618 | D:1      | Found Joxo Aqo's Book Emporium.
   851 | D:1      | Reached skill level 5 in Spellcasting
  1330 | D:2      | Reached XP level 3. HP: 20/20 MP: 7/11
  1334 | D:2      | Learned a level 3 spell: Mephitic Cloud
  1337 | D:2      | Learned a level 2 spell: Call Imp
  1340 | D:2      | Learned a level 2 spell: Blink
  1675 | D:2      | Reached skill level 1 in Fighting
  1757 | D:2      | Reached skill level 1 in Armour
  1896 | D:2      | Found a basalt altar of Yredelemnul.
  2606 | D:3      | Noticed an eye of devastation
  2612 | D:3      | Reached XP level 4. HP: 25/25 MP: 10/13
  2632 | D:3      | Noticed an eye of devastation
  2634 | D:3      | Found a faded altar of an unknown god.
  2636 | D:3      | Noticed a floating eye
  2636 | D:3      | Noticed an eye of devastation
  3536 | D:4      | Reached XP level 5. HP: 29/29 MP: 11/15
  3586 | D:4      | Reached skill level 6 in Spellcasting
  3634 | D:4      | Found a radiant altar of Vehumet.
  3687 | D:4      | Became a worshipper of Vehumet
  3749 | D:4      | Reached skill level 1 in Poison Magic
  3754 | D:4      | Reached skill level 1 in Air Magic
  3760 | D:4      | Learned a level 5 spell: Irradiate
  4190 | D:4      | Found a shimmering blue altar of Sif Muna.
  4191 | D:4      | Found a stormy altar of Qazlal.
  4206 | D:4      | Reached XP level 6. HP: 28/34 MP: 13/17
  4495 | D:5      | Entered Level 5 of the Dungeon
  4520 | D:5      | Reached skill level 7 in Spellcasting
  4520 | D:5      | Reached skill level 1 in Transmutations
  4540 | D:5      | Learned a level 2 spell: Passwall
  4800 | D:5      | Identified the +3 flail "Sof Howui" {venom, *Corrode *Slow
                  | rElec Will+++}
  4862 | D:5      | Reached skill level 1 in Earth Magic
  4862 | D:5      | Reached XP level 7. HP: 25/39 MP: 10/19
  4945 | D:5      | Reached * piety under Vehumet
  4945 | D:5      | Offered knowledge of Shock by Vehumet.
  5186 | D:5      | Reached skill level 8 in Spellcasting
  5301 | D:6      | Noticed Sigmund
  5308 | D:6      | Killed Sigmund
  5315 | D:6      | Reached XP level 8. HP: 44/44 MP: 9/22
  5360 | D:6      | Reached skill level 9 in Spellcasting
  5460 | D:6      | Found a staircase to the Ecumenical Temple.
  5884 | D:6      | Reached skill level 5 in Conjurations
  5934 | D:6      | Reached skill level 1 in Evocations
  6058 | D:6      | Reached skill level 10 in Spellcasting
  6295 | D:6      | Found Estugg's Mayhem Merchandise.
  6614 | D:7      | Noticed Pikel
  6682 | D:7      | Killed Pikel
  6683 | D:7      | Reached skill level 11 in Spellcasting
  6683 | D:7      | Reached XP level 9. HP: 36/50 MP: 16/26
  7135 | D:7      | Reached skill level 5 in Earth Magic
  8054 | D:8      | Found a runed translucent gate.
  8054 | D:8      | Found a runed translucent gate.
  8054 | D:8      | Found a runed translucent gate.
  8054 | D:8      | Noticed pokeman's ghost (novice DEHW)
  8112 | D:8      | Noticed Erica
  8128 | D:8      | HP: 2/52 [Erica/bolt of poison (29)]
  8129 | D:8      | Succumbed to Erica's bolt of poison

Illustrated notes

Levels and vault maps discovered:
D:1:      pf_arrival_petrified_forest, layout_basic, serial_shops, shop
D:2:      layout_loops_ring, basic_altar, grunt_decor_cap
D:3:      layout_loops_corners, hellmonk_ecumenical_altar_watching_god,
          supply_closet_lemuel
D:4:      layout_gridville, mainiacjoe_overflow_cross_hatched,
          gammafunk_temple_overflow_pools
D:5:      layout_gridville
D:6:      layout_gridville, minmay_temple_entry_wispy, minmay_shop_mayhem,
          chequers_serial_rivers_small_3, uniq_sigmund
D:7:      layout_basic, minmay_crystal_water, uniq_pikel
D:8:      layout_loops_ring, biasface_ghost_orc_armoury,
          nicolae_ossuary_entry_ruins, uniq_grum, uniq_erica

Skill      XL: |  1  2  3  4  5  6  7  8  9 |
---------------+----------------------------+-----
Spellcasting   | 5 6 7 8 11 | 11.9
Fighting       | 1 2 3 |  3.6
Armour         | 1 2 3 |  3.0
Conjurations   | 2 3 4 5 6 |  6.6
Dodging        | 3 |  3.0
Stealth        | 3 |  3.0
Poison Magic   | 1 |  1.1
Air Magic      | 1 |  1.0
Transmutations | 1 |  1.1
Earth Magic    | 1 2 4 5 |  5.5
Evocations     | 1 |  1.0
Summonings     | |  1.1
Translocations | |  1.1

Action                     |  1- 3 |  4- 6 |  7- 9 || total
---------------------------+-------+-------+-------++-------
  Melee: Dagger            |     5 |       |       ||     5
         Whip              |       |    47 |       ||    47
         Punch             |       |     1 |     3 ||     4
         Flail             |       |     4 |    90 ||    94
   Cast: Magic Dart        |   109 |    87 |   150 ||   346
         Mephitic Cloud    |       |     9 |    26 ||    35
         Call Imp          |       |       |    11 ||    11
         Blink             |       |       |     3 ||     3
  Evoke: Wand              |       |       |     1 ||     1
   Stab: Sleeping          |     1 |     1 |       ||     2
         Confused          |       |     7 |     8 ||    15
         Distracted        |       |       |     1 ||     1
 Armour: Robe              |    15 |    60 |    68 ||   143
  Dodge: Dodged            |    20 |    70 |    60 ||   150
  Block: Other             |       |       |    16 ||    16

Table legend: (Time is in decaauts)
 A = Elapsed time spent in this place.
 B = Non-inter-level travel time spent in this place.
 C = Inter-level travel time spent in this place.
 D = Time resting spent in this place.
 E = Time spent auto-exploring this place.
 F = Levels seen in this place.
 G = Mean time per level.
                   A        B        C        D        E       F      G
               +--------+--------+--------+--------+--------+-----+--------+
         Total |   8180 |   7890 |    290 |     89 |   6496 |   8 | 1022.5 |
       Dungeon |   8180 |   7890 |    290 |     89 |   6496 |   8 | 1022.5 |
               +--------+--------+--------+--------+--------+-----+--------+

Top non-repeatable levels by time:
     D:7: 1438 daAuts
     D:3: 1285 daAuts
     D:1: 1237 daAuts
     D:6: 1220 daAuts
     D:4: 1071 daAuts
     D:2: 905 daAuts
     D:5: 805 daAuts
     D:8: 216 daAuts
